 Dungeon Crawl Stone Soup version 0.24.0-37-gcf1ca852f1 (webtiles) character file.

Game seed: 8714671068447149400, levelgen mode: deterministic

688 night the Insei (level 7, -6/54 HPs)
             Began as a Demonspawn Fire Elementalist on Nov 22, 2019.
             Was an Initiate of Cheibriados.
             Mangled by an orc warrior
             ... wielding a +0 flail
              (8 damage)
             ... on level 6 of the Dungeon.
             The game lasted 00:16:44 (7242 turns).

night the Insei (Demonspawn Fire Elementalist)      Turns: 7242, Time: 00:16:45

Health: -6/54      AC:  7    Str:  9    XL:     7   Next: 36%
Magic:  0/10       EV: 10    Int: 20    God:    Cheibriados [......]
Gold:   110        SH:  0    Dex: 14    Spells: 9/10 levels left

rFire    . . .     SeeInvis .     - Unarmed
rCold    . . .     Gourm    .   (no shield)
rNeg     + . .     Faith    .   d - +0 scale mail
rPois    +         Spirit   +   o - +0 helmet "Uteloh Afoa" {*Contam rPois Slay+2}
rElec    .         Reflect  .   (no cloak)
rCorr    .         Harm     .   (no gloves)
MR       .....                  (boots unavailable)
Stlth    ..........             (no amulet)
HPRegen  0.18/turn              b - ring of positive energy
MPRegen  0.12/turn              (no ring)

@: very slow
A: hooves 3, repulsion field 1, magic shield
a: Bend Time, Renounce Religion


You were on level 6 of the Dungeon.
You worshipped Cheibriados.
Cheibriados was noncommittal.
You were not hungry.

You visited 2 branches of the dungeon, and saw 7 of its levels.

You collected 271 gold pieces.
You spent 161 gold pieces at shops.

Inventory:

Missiles
 k - 56 arrows
 m - 3 boomerangs (quivered)
Armour
 d - a +0 scale mail (worn)
 o - the +0 helmet "Uteloh Afoa" (worn) {*Contam rPois Slay+2}
   (You took it off Robin on level 3 of the Dungeon)

   It affects your accuracy and damage with ranged weapons and melee attacks
   (+2).
   It protects you from poison.
   It causes magical contamination when unequipped.
 u - a +0 pair of boots of stealth
Jewellery
 b - a ring of positive energy (left hand)
Wands
 n - a wand of iceblast (11)
 t - a wand of acid (6)
 w - a wand of flame (9)
Scrolls
 h - a scroll of random uselessness {unknown}
 l - 2 scrolls of identify
 q - a scroll of teleportation {unknown}
 v - a scroll of enchant weapon {unknown}
 x - a scroll of remove curse
Potions
 a - a potion of brilliance
 e - 5 potions of curing
 f - a potion of haste {unknown}
 g - a potion of ambrosia {unknown}
 i - a potion of agility {unknown}
 j - a potion of mutation {unknown}
 s - a potion of invisibility {unknown}
Comestibles
 c - 10 rations
 r - 2 chunks of flesh


   Skills:
 + Level 4.3 Fighting
 - Level 1.7 Dodging
 - Level 1.7 Stealth
 * Level 5.8 Unarmed Combat
 - Level 2.1 Spellcasting
 - Level 1.2 Conjurations
 - Level 2.8 Fire Magic


You had 9 spell levels left.
You knew the following spells:

 Your Spells              Type           Power        Failure   Level  Hunger
a - Flame Tongue          Conj/Fire      ##...        52%         1    #......

Your spell library contained the following spells:

 Spells                   Type           Power        Failure   Level  Hunger
 Throw Flame              Conj/Fire      ##....       65%         2    ##.....
 Animate Skeleton         Necr           N/A          80%         1    #......
 Apportation              Tloc           #.....       80%         1    #......
 Confusing Touch          Hex            #.....       80%         1    #......
 Summon Small Mammal      Summ           #...         80%         1    #......
 Conjure Flame            Conj/Fire      ##......     87%         3    ###....
 Inner Flame              Hex/Fire       #.......     92%         3    ###....
 Confuse                  Hex            #.......     99%         3    ###....
 Gell's Gravitas          Tloc           #.........   99%         3    ###....
 Sticky Flame             Conj/Fire      ##......     99%         4    #####..
 Petrify                  Tmut/Erth      #.......     100%        4    #####..
 Fireball                 Conj/Fire      ##........   100%        5    ######.
 Metabolic Englaciation   Hex/Ice        #.........   100%        5    ######.
 Yara's Violent Unravell  Hex/Tmut       #.........   100%        5    ######.


Dungeon Overview and Level Annotations

Branches:
Dungeon (6/15)             Temple (1/1) D:5

Altars:
Cheibriados
Elyvilon
Gozag
Hepliaklqana
Kikubaaqudgha
Makhleb
Nemelex Xobeh
Okawaru
Qazlal
Ru
Sif Muna
Vehumet
Wu Jian
Xom
Yredelemnul
Zin
The Shining One

Shops:
D:4 [


Innate Abilities, Weirdness & Mutations

You have hooves in place of feet.
You are surrounded by a mild repulsion field. (EV +2)
When hurt, damage is shared between your health and your magic reserves.


Message History

Press: ? - help, Shift-Dir - straight line, f - orc warrior
Aim: an orc warrior, wielding a +0 flail and wearing a +0 plate armour (lightly wounded, chance to defeat MR: 46%)
The orc warrior resists with some effort.
The orc warrior hits you with a +0 flail.
* * * LOW HITPOINT WARNING * * *
Evoke which item? (* to show all) (? for menu, Esc to quit)
Aiming: Paralyse
Press: ? - help, Shift-Dir - straight line, f/p - orc warrior
Aim: an orc warrior, wielding a +0 flail and wearing a +0 plate armour (lightly wounded, chance to defeat MR: 46%)
The orc warrior resists with some effort.
The orc hits you with a +0 club.
* * * LOW HITPOINT WARNING * * *
Evoke which item? (* to show all) (? for menu, Esc to quit)
Aiming: Paralyse
Press: ? - help, Shift-Dir - straight line, f/p - orc warrior
Aim: an orc warrior, wielding a +0 flail and wearing a +0 plate armour (lightly wounded, chance to defeat MR: 46%)
The orc warrior resists with some effort.
The now-empty wand crumbles to dust.
The orc warrior hits you with a +0 flail!
You die...

#.#
########
#.# #.#
#.# #.#
#.# #.#
###.#
##.#@#
#..oo#
##.###
#. #. #.
#. #> #.


You could see an orc warrior and an orc.

Vanquished Creatures
  An ogre (D:5)
  A scorpion (D:4)
  2 howler monkeys (D:6)
  5 orc priests
  4 orc wizards
  2 worker ants
  A hound skeleton (D:5)
  Robin (D:3)
  An adder (D:2)
  An ooze (D:3)
  2 adder skeletons (D:2)
  2 adder zombies (D:2)
  3 dart slugs
  A leopard gecko (D:3)
  25 orcs
  2 ball pythons
  2 bat skeletons (D:2)
  A giant cockroach (D:4)
  18 goblins
  5 hobgoblins
  4 jackals (D:1)
  4 kobolds
  5 quokkas
  5 bats
  A frilled lizard (D:4)
  A jackal skeleton (D:2)
  A leopard gecko skeleton (D:4)
  8 rats
109 creatures vanquished.

Vanquished Creatures (others)
  A hobgoblin (D:4)
  A bat (D:2)
  A goblin (D:2)
3 creatures vanquished.

Grand Total: 112 creatures vanquished

Notes
Turn   | Place    | Note
-------+----------+-------------------------------------------
     0 | D:1      | night the Demonspawn Fire Elementalist began the quest for
                  | the Orb.
     0 | D:1      | Reached XP level 1. HP: 13/13 MP: 3/3
   507 | D:1      | Gained mutation: You have large cloven feet. [demonic
                  | ancestry]
   507 | D:1      | Reached XP level 2. HP: 20/20 MP: 5/5
   854 | D:1      | Reached skill level 1 in Unarmed Combat
  1256 | D:2      | Reached skill level 1 in Fighting
  1605 | D:2      | Gained mutation: You are surrounded by a mild repulsion
                  | field. (EV +2) [demonic ancestry]
  1605 | D:2      | Reached XP level 3. HP: 26/26 MP: 6/6
  1625 | D:2      | Noticed an ogre
  1804 | D:2      | Found a white marble altar of Elyvilon.
  1899 | D:2      | Reached skill level 2 in Unarmed Combat
  2735 | D:3      | Reached XP level 4. HP: 25/33 MP: 7/7
  3772 | D:4      | Identified the +0 helmet "Uteloh Afoa" {*Contam rPois
                  | Slay+2}
  3772 | D:4      | Noticed Robin
  3787 | D:4      | Reached skill level 3 in Unarmed Combat
  4074 | D:4      | Gained mutation: When hurt, damage is shared between your
                  | health and your magic reserves. [demonic ancestry]
  4074 | D:4      | Reached XP level 5. HP: 34/38 MP: 8/8
  4154 | D:3      | Killed Robin
  4868 | D:4      | Found Muycs's Armour Shop.
  4877 | D:4      | Reached skill level 4 in Unarmed Combat
  4892 | D:4      | Bought a +0 pair of boots of stealth for 161 gold pieces
  4954 | D:4      | Found a burning altar of Makhleb.
  5000 | D:4      | Gained mutation: You have hoof-like feet. [demonic
                  | ancestry]
  5000 | D:4      | Reached XP level 6. HP: 47/47 MP: 9/9
  5835 | D:4      | Found a stormy altar of Qazlal.
  6165 | D:5      | Entered Level 5 of the Dungeon
  6232 | D:5      | Reached skill level 5 in Unarmed Combat
  6637 | D:5      | Found an ornate altar of the Wu Jian Council.
  6676 | D:5      | Found a staircase to the Ecumenical Temple.
  6684 | Temple   | Entered the Ecumenical Temple
  6736 | Temple   | Became a worshipper of Cheibriados the Contemplative
  6984 | D:6      | Gained mutation: You have hooves in place of feet. [demonic
                  | ancestry]
  6984 | D:6      | Reached XP level 7. HP: 51/53 MP: 8/10
  7111 | D:6      | Found a radiant altar of Vehumet.
  7241 | D:6      | HP: 2/54 [orc/+0 club (2)]
  7242 | D:6      | Mangled by an orc warrior

Levels and vault maps discovered:
D:1:      elethiomel_arrival_diamonds, layout_basic
D:2:      layout_rooms, elyvilon_altar_4, serial_undead, serial_undead_e,
          serial_undead_b, serial_undead_e, serial_undead_f, serial_undead_f,
          serial_undead_a
D:3:      layout_basic, first_ration
D:4:      layout_basic, nicolae_qazlal_eye_of_the_storm,
          nicolae_overflow_crystal_walls, serial_shops, nicolae_shop_waterfront,
          uniq_robin
D:5:      layout_rooms, kennysheep_little_box, temple_statues
D:6:      layout_loops_ring, vehumet_altar_wand_db, uniq_eustachio
Temple:   cyrus_circular_temple

Skill      XL: |  1  2  3  4  5  6  7 |
---------------+----------------------+-----
Unarmed Combat | 1 2 3 4 5 |  5.8
Fighting       | 1 2 3 4 |  4.3
Dodging        | |  1.7
Stealth        | |  1.7
Spellcasting   | |  2.1
Conjurations   | |  1.2
Fire Magic     | |  2.8

Action                   |  1- 3 |  4- 6 |  7- 9 || total
-------------------------+-------+-------+-------++-------
Melee: Unarmed           |   219 |   283 |    37 ||   539
       Kick              |    40 |    41 |     5 ||    86
       Punch             |     1 |     3 |       ||     4
Throw: Boomerang         |       |     6 |       ||     6
 Cast: Flame Tongue      |     7 |       |       ||     7
Evoke: Wand              |       |       |     5 ||     5
  Use: Scroll            |       |     7 |       ||     7
  Eat: Chunk             |     5 |    10 |     2 ||    17
       Ration            |       |     1 |       ||     1
Armor: Scale mail        |   136 |   137 |    12 ||   285
Dodge: Dodged            |   105 |   142 |    15 ||   262
